Map: Green Acres

Players

Erfeyah - Winner!

  • Race: Protoss Protoss
  • Spawn Location: 9:00

VOD

Have the link to the VOD?

Description

Time

  • Played on: Nov. 26, 2017, 4:06 p.m.
  • Length: 12:13
Show
View Real Time Build Order
Export as new Build Order

Erfeyah Protoss - Winner!

Build Orders:  

Get SALT Encoding   

  12  0:15  Probe  
  12  0:26  Pylon  
  12  0:38  Probe  
  12  1:06  Pylon  
  12  2:18  Probe  
  12  2:44  Gateway  
  12  2:47  Gateway  
  12  2:50  Gateway  
  12  2:52  Gateway  
  12  3:04  Probe  
  12  3:16  Probe  
  12  3:30  Assimilator  
  12  3:43  Zealot  
  12  3:46  Zealot  
  12  3:49  Zealot  
  12  4:00  Probe  
  12  5:28  Probe  
  12  5:29  Zealot  
  12  5:30  Zealot x2  
  12  6:08  Pylon  
  12  6:26  Zealot x4  
  12  7:15  Pylon  
  12  7:16  Pylon  
  12  7:33  Zealot x2  
  12  7:42  Nexus  
  12  8:03  Zealot x2  
  12  8:04  Zealot x2  
  12  8:30  Zealot  
  12  8:31  Zealot  
  12  8:54  Zealot x2  
  12  8:55  Probe  
  12  8:57  Zealot  
  12  8:58  Zealot  
  12  9:07  Probe  
  12  9:15  Probe  
  12  9:19  Probe  
  12  9:28  Probe  
  12  9:31  Probe  
  12  9:40  Probe  
  12  10:22  Assimilator  
  12  10:36  Pylon  
  12  10:38  Pylon  
  12  10:40  Pylon  
  12  10:42  Pylon  
  12  10:54  Probe x2  
  12  11:06  Probe x2  
  12  11:18  Gateway  
  12  11:20  Gateway  
  12  11:21  Gateway  
  12  11:24  Gateway  
  12  11:44  Probe x2  
  12  11:56  Probe x2  
Tags
 
Add a new tag
Caveats
  • Supply blocks, unpowered buildings, or Contaminate may cause inaccurate times.
  • Supply counts are checked every 10 seconds.